 Dungeon Crawl Stone Soup version 0.23.2 (webtiles) character file.

Game seed: 348454567270589317

737 Borgoz the Ducker (level 7, -3/58 HPs)
             Began as a Ghoul Gladiator on Apr 3, 2019.
             Was an Initiate of Ashenzari.
             Slain by Edmund
             ... wielding a +2 dire flail of crushing
              (5 damage)
             ... on level 5 of the Dungeon.
             The game lasted 00:05:08 (2975 turns).

Borgoz the Ducker (Ghoul Gladiator)                 Turns: 2975, Time: 00:05:09

Health: -3/58      AC:  6    Str: 18    XL:     7   Next: 74%
Magic:  3/6        EV: 12    Int:  5    God:    Ashenzari [......]
Gold:   194        SH:  0    Dex: 10    Spells: 1/6 levels left

rFire    . . .     SeeInvis .   a - +0 rapier
rCold    + . .     Gourm    .   (no shield)
rNeg     + + +     Faith    .   h - +0 ring mail
rPois    ∞         Spirit   .   c - +0 helmet
rElec    .         Reflect  .   (no cloak)
rCorr    .         Harm     .   (no gloves)
MR       .....                  (no boots)
Stlth    +.........             (no amulet)
HPRegen  0.00/turn              (no ring)
MPRegen  0.10/turn              (no ring)

@: rotting
A: rotting body, claws 1, carnivore, cold resistance 1, negative energy
resistance 3, inhibited regeneration, torment resistance, unbreathing
a: Curse Item, Renounce Religion


You were on level 5 of the Dungeon.
You worshipped Ashenzari.
Ashenzari was noncommittal.
You were not hungry.

You visited 1 branch of the dungeon, and saw 5 of its levels.

You collected 194 gold pieces.

Inventory:

Hand Weapons
 a - a +0 rapier (weapon)
Missiles
 m - 3 tomahawks (quivered)
Armour
 c - a +0 helmet (worn)
 h - a +0 ring mail (worn)
Scrolls
 b - a scroll of magic mapping {unknown}
 g - 4 scrolls of enchant weapon {unknown}
 i - a scroll of immolation {unknown}
 j - 5 scrolls of identify {unknown}
 k - a scroll of teleportation {unknown}
 l - a scroll of amnesia {unknown}
 n - 2 scrolls of remove curse
 o - a scroll of random uselessness {unknown}
 p - a scroll of enchant armour {unknown}
Potions
 e - a potion of resistance
Comestibles
 f - 5 rations


   Skills:
 + Level 3.6 Fighting
 * Level 4.6 Short Blades
 - Level 1.7 Throwing
 * Level 3.5 Armour
 * Level 4.7 Dodging
 + Level 3.0 Stealth
 + Level 0.0 Spellcasting
 + Level 0.0 Hexes
 + Level 0.0 Ice Magic


You had one spell level left.
You knew the following spells:

 Your Spells              Type           Power        Failure   Level  Hunger
a - Confuse               Hex            #.......     95%         3    ####...
b - Ensorcelled Hibernat  Hex/Ice        #.....       80%         2    ###....

Your spell library contained the following spells:

 Spells                   Type           Power        Failure   Level  Hunger
 Corona                   Hex            #......      67%         1    ##.....
 Dazzling Spray           Conj/Hex       #.....       95%         3    ####...
 Tukima's Dance           Hex            #.......     95%         3    ####...


Dungeon Overview and Level Annotations

Branches:
Dungeon (5/15)
 Temple: D:4-7

Altars:
Ashenzari
Fedhas
Hepliaklqana
Trog
Xom
The Shining One

Annotations:
D:5 Edmund


Innate Abilities, Weirdness & Mutations

Your body is rotting away.
You thrive on raw meat.
You are immune to poison.
You have sharp fingernails.
You are carnivorous and can eat meat at any time.
Your flesh is cold resistant. (rC+)
You are immune to negative energy. (rN+++)
You do not regenerate when monsters are visible.
You are immune to unholy pain and torment.
You can survive without breathing.


Message History

Aim: Edmund, wielding a +2 dire flail of crushing and wearing a +0 leather armour (heavily wounded, chance to defeat MR: 32%)
You miscast Ensorcelled Hibernation.
You are very lightly contaminated with residual magic.
You hear an indistinct dissonance whispering inside your mind.
Edmund hits you with a +2 dire flail of crushing.
* * * LOW HITPOINT WARNING * * *
Casting: Ensorcelled Hibernation (safe; 80% risk of failure)
Confirm with . or Enter, or press ? or * to list all spells.
Aiming: Ensorcelled Hibernation (safe; 80% risk of failure)
Press: ? - help, Shift-Dir - straight line, f/p - Edmund
Aim: Edmund, wielding a +2 dire flail of crushing and wearing a +0 leather armour (heavily wounded, chance to defeat MR: 32%)
You miscast Ensorcelled Hibernation.
You feel a strange surge of energy!
Edmund hits you with a +2 dire flail of crushing!
* * * LOW HITPOINT WARNING * * *
x2 It was a potion of cancellation.
You feel magically purged.
Your magical contamination has completely faded away.
All of the chunks of flesh in your inventory have rotted away.
There is a stone staircase leading up here.
Edmund hits you with a +2 dire flail of crushing.
You die...

###.####.#.# ..###
#........#.# #
#.....##.##.##).#.#####.#
#...('......#..........#
#..(.##.###.#.........##
#... #..............P#
#.. ######.Y..#.P...## #.
###<..@.....P.... #
#......@..##...##
#.###..#.## ####
#.#......# # #.#..###
#.#..# # #.>. #.### #..
###


You could see Edmund and an ice beast.

Vanquished Creatures
  Sigmund (D:2)
  Eustachio (D:4)
  Purgy (D:4)
  A hound (D:4)
  Jessica (D:2)
  2 iguanas
  2 worker ants (D:4)
  10 adders
  An adder zombie (D:3)
  An adder skeleton (D:4)
  A worm (D:2)
  2 dart slugs
  A leopard gecko (D:3)
  4 orcs (D:3)
  7 giant cockroaches
  3 goblins
  8 hobgoblins
  4 jackals (D:2)
  5 kobolds
  A ball python skeleton (D:4)
  6 bats
  8 frilled lizards
  A jackal skeleton (D:4)
  9 rats
81 creatures vanquished.

Vanquished Creatures (others)
  A wizard (D:4)
1 creature vanquished.

Grand Total: 82 creatures vanquished

Notes
Turn   | Place    | Note
-------+----------+-------------------------------------------
     0 | D:1      | Borgoz the Ghoul Gladiator began the quest for the Orb.
     0 | D:1      | Reached XP level 1. HP: 17/17 MP: 0/0
   174 | D:1      | Reached XP level 2. HP: 24/24 MP: 1/1
   296 | D:1      | Found a shattered altar of Ashenzari.
   346 | D:1      | Became a worshipper of Ashenzari the Shackled
   515 | D:1      | Reached skill level 1 in Armour
   749 | D:2      | Reached XP level 3. HP: 24/30 MP: 2/2
   783 | D:2      | Noticed Jessica
   790 | D:2      | Killed Jessica
   790 | D:2      | Reached skill level 1 in Stealth
   790 | D:2      | Reached XP level 4. HP: 28/37 MP: 3/3
  1167 | D:2      | Noticed Sigmund
  1196 | D:2      | Killed Sigmund
  1196 | D:2      | Reached XP level 5. HP: 21/45 MP: 4/4
  1196 | D:2      | Reached XP level 6. HP: 23/51 MP: 5/5
  1554 | D:3      | Found a blossoming altar of Fedhas.
  1555 | D:3      | Found a glowing golden altar of the Shining One.
  1556 | D:3      | Found a shimmering altar of Xom.
  1660 | D:3      | Found a glowing golden altar of the Shining One.
  1891 | D:4      | Noticed Purgy
  1908 | D:4      | Killed Purgy
  1908 | D:4      | Reached XP level 7. HP: 39/57 MP: 6/6
  2154 | D:4      | Found a bloodstained altar of Trog.
  2155 | D:4      | Noticed a wizard
  2160 | D:4      | Killed a wizard
  2297 | D:4      | Noticed Eustachio
  2321 | D:4      | Killed Eustachio
  2385 | D:4      | Found a hazy altar of Hepliaklqana.
  2740 | D:4      | Learned a level 3 spell: Confuse
  2743 | D:4      | Learned a level 2 spell: Ensorcelled Hibernation
  2902 | D:5      | Entered Level 5 of the Dungeon
  2948 | D:5      | Noticed Edmund
  2964 | D:5      | HP: 2/58 [Edmund/+2 dire flail of crushing (3)]
  2975 | D:5      | Slain by Edmund

Skill      XL: |  1  2  3  4  5  6  7 |
---------------+----------------------+-----
Dodging        | 3 4 |  4.7
Armour         | 1 2 3 |  3.5
Short Blades   | 3 4 |  4.6
Stealth        | 1 2 3 |  3.0
Fighting       | 3 |  3.6
Throwing       | |  1.7

Action                   |  1- 3 |  4- 6 |  7- 9 || total
-------------------------+-------+-------+-------++-------
Melee: Rapier            |    81 |   214 |   115 ||   410
Throw: Throwing net      |       |     3 |     1 ||     4
       Tomahawk          |       |       |     2 ||     2
  Use: Potion            |       |     5 |     1 ||     6
 Stab: Held in net/web   |       |     1 |       ||     1
  Eat: Chunk             |     5 |    17 |     4 ||    26
Armor: Ring mail         |    32 |   102 |    42 ||   176
       Leather armour    |     1 |       |       ||     1
Dodge: Dodged            |    62 |   176 |    94 ||   332
